 Dungeon Crawl Stone Soup version 0.21.1-1-g345015f (webtiles) character file.

133 tidbits the Charmwright (level 5, 0/43 HPs)
             Began as a Gnoll Skald on June 20, 2018.
             Slain by an orc wizard
             ... wielding a +0 dagger
              (5 damage)
             ... on level 5 of the Dungeon.
             The game lasted 00:04:20 (441 turns).

tidbits the Charmwright (Gnoll Skald)                Turns: 441, Time: 00:04:21

Health: 0/43       AC:  3    Str: 18    XL:     5   Next: 16%
Magic:  12/12      EV: 14    Int: 17    God:
Gold:   76         SH:  0    Dex: 14    Spells: 3/14 levels left

rFire    . . .     SeeInvis .   a - +0 hand axe
rCold    . . .     Gourm    .   (no shield)
rNeg     . . .     Faith    .   b - +0 leather armour
rPois    .         Spirit   .   (no helmet)
rElec    .         Reflect  .   (no cloak)
rCorr    .         Harm     .   (no gloves)
MR       .....                  (no boots)
Stlth    ++........             (no amulet)
HPRegen  0.14/turn              (no ring)
MPRegen  0.13/turn              (no ring)

@: mighty, berserk cooldown, very slightly contaminated, slowed, invisible, very
slow
A: distributed training, fangs 1, strong nose
a: no special abilities


You were on level 5 of the Dungeon.
You were not hungry.

You visited 1 branch of the dungeon, and saw 5 of its levels.

You collected 76 gold pieces.

Inventory:

Hand Weapons
 a - a +0 hand axe (weapon)
 e - a +0 dagger
Armour
 b - a +0 leather armour (worn)
Scrolls
 f - a scroll of identify {unknown}
Books
 c - a book of Battle

   Spells                             Type                      Level
   a - Infusion                       Charms                       1
   b - Shroud of Golubria             Charms/Translocation         2
   c - Song of Slaying                Charms                       2
   d - Spectral Weapon                Hexes/Charms                 3
   e - Regeneration                   Charms/Necromancy            3
Comestibles
 d - 3 rations


   Skills:
 + Level 4.7 Fighting
 + Level 1.3 Short Blades
 + Level 1.3 Long Blades
 + Level 4.7 Axes
 + Level 1.3 Maces & Flails
 + Level 1.3 Polearms
 + Level 1.3 Staves
 + Level 1.3 Slings
 + Level 1.3 Bows
 + Level 1.3 Crossbows
 + Level 1.3 Throwing
 + Level 2.9 Armour
 + Level 4.7 Dodging
 + Level 1.3 Stealth
 + Level 1.3 Shields
 + Level 1.3 Unarmed Combat
 + Level 5.1 Spellcasting
 + Level 1.1 Conjurations
 + Level 1.1 Hexes
 + Level 5.5 Charms
 + Level 1.1 Summonings
 + Level 1.1 Necromancy
 + Level 1.1 Translocations
 + Level 1.1 Transmutations
 + Level 1.1 Fire Magic
 + Level 1.1 Ice Magic
 + Level 1.1 Air Magic
 + Level 1.1 Earth Magic
 + Level 1.1 Poison Magic
 + Level 1.5 Invocations
 + Level 1.3 Evocations


You had 3 spell levels left.
You knew the following spells:

 Your Spells              Type           Power        Failure   Level  Hunger
g - Shroud of Golubria    Chrm/Tloc      ###.......   6%          2    #......
i - Infusion              Chrm           ###.         1%          1    None
r - Regeneration          Chrm/Necr      ###.......   13%         3    ###....
w - Spectral Weapon       Hex/Chrm       ###.....     13%         3    ###....
y - Song of Slaying       Chrm           ###.....     2%          2    #......


Dungeon Overview and Level Annotations

Branches:
Dungeon (5/15)
 Temple: D:4-7

Altars:
Elyvilon
Makhleb
Ru


Innate Abilities, Weirdness & Mutations

Your experience applies equally to all skills.
You have very sharp teeth.
Your uncanny sense of smell can sniff out nearby items.


Message History

The jackal bites you.
The jackal bites your spectral weapon but does no damage.
The orc wizard casts a spell at you. The puff of flame misses you.
The jackal closely misses your spectral weapon.
The jackal completely misses you.
The orc wizard casts a spell.
The orc wizard seems to speed up.
Unknown command.
You hit something.
You hit the orc wizard but do no damage.
You hit the jackal. The jackal bites your spectral weapon.
Your spectral weapon shares its damage with you!
The orc wizard points at you and mumbles some strange words.
The puff of frost hits you! The jackal barely misses you.
The jackal bites your spectral weapon but does no damage.
The orc wizard misses you. The jackal closely misses you.
Something hits you but does no damage.
The jackal closely misses your spectral weapon.
Unknown command.
Your spectral weapon fades away.
The jackal misses you.
A magic dart appears from out of thin air!
The magic dart hits you! The orc wizard hits you with a dagger.
The jackal bites you but does no damage.
Unknown command.
You hit the orc wizard.
The orc wizard is heavily wounded.
You miss the jackal. You hit the jackal.
You feel less invigorated.
The orc wizard gestures at you while chanting.
The puff of frost hits you! The jackal bites you. x2
The orc wizard closely misses you.
The jackal bites you but does no damage.
Something hits you. The jackal barely misses you.
The orc wizard hits you with a dagger. The jackal closely misses you.
The jackal bites you.
Unknown command.
You bump into the metal wall.
The jackal bites you. The jackal completely misses you.
Something hits you but does no damage. The jackal misses you.
Something hits you. The jackal bites you. The jackal barely misses you.
It was a potion of invisibility.
You fade into invisibility!
The orc wizard closely misses you. The jackal misses you.
The jackal completely misses you. Something hits you but does no damage.
The orc wizard hits you with a dagger. The jackal closely misses you. x2
You are very lightly contaminated with residual magic.
Unknown command.
You barely miss the jackal.
The jackal is moderately wounded.
You barely miss the jackal.
You hit the orc wizard but do no damage.
You completely miss something. The orc wizard barely misses you.
The jackal barely misses you. Something hits you.
* * * LOW HITPOINT WARNING * * *
The jackal barely misses you. The orc wizard misses you.
The jackal barely misses you.
The jackal bites you but does no damage.
The orc wizard barely misses you.
You bump into the metal wall.
The jackal closely misses you. The orc wizard hits you with a dagger.
* * * LOW HITPOINT WARNING * * *
The jackal misses you. Something hits you.
* * * LOW HITPOINT WARNING * * *
The jackal barely misses you. x2; The orc wizard misses you.
Unknown command.
You barely miss the orc wizard. You bite the orc wizard.
The orc wizard is heavily wounded.
You miss something.
You miss the jackal. x2; The jackal bites you.
* * * LOW HITPOINT WARNING * * *
The orc wizard miscasts a cantrip.
The jackal closely misses you. Something hits you.
* * * LOW HITPOINT WARNING * * *
The jackal barely misses you. The orc wizard closely misses you.
The jackal closely misses you. Something hits you but does no damage.
You're too confused to cast spells.
You're too confused!
Unknown command.
It was a potion of might.
You feel very mighty all of a sudden.
The orc wizard hits you but does no damage.
The jackal closely misses you. x2; The orc wizard barely misses you.
The jackal misses you. Something hits you but does no damage.
The jackal closely misses you. The jackal bites you.
* * * LOW HITPOINT WARNING * * *
The orc wizard misses you.
Unknown command.
You closely miss the orc wizard.
The orc wizard is heavily wounded.
You hit the jackal.
You kill the jackal!
You barely miss the jackal. You barely miss something.
You feel less confused. The jackal barely misses you. Something hits you.
You die...

∆
########
#....o{#
#.....@#
#...<.h#
#.....o#
#....).+
####..##
#..#
#...
#....
'....#


You could see an orc wizard, an orc and a jackal.

Vanquished Creatures
  A hound (D:3)
  An orc wizard (D:5)
  3 adders (D:2)
  An ooze (D:1)
  2 worms (D:2)
  A dart slug (D:2)
  A leopard gecko (D:3)
  An orc (D:3)
  A bat (D:2)
  2 giant cockroaches (D:2)
  A goblin (D:3)
  3 hobgoblins
  9 jackals
  5 kobolds
  A quokka (D:3)
  A frilled lizard (D:1)
  6 rats
40 creatures vanquished.

Notes
Turn   | Place    | Note
-------+----------+-------------------------------------------
     0 | D:1      | tidbits the Gnoll Skald began the quest for the Orb.
     0 | D:1      | Reached XP level 1. HP: 20/20 MP: 6/6
    53 | D:2      | Reached XP level 2. HP: 21/26 MP: 0/7
   122 | D:1      | Reached skill level 5 in Spellcasting
   122 | D:1      | Reached XP level 3. HP: 24/31 MP: 0/9
   127 | D:1      | Learned a level 2 spell: Song of Slaying
   130 | D:1      | Learned a level 2 spell: Shroud of Golubria
   134 | D:1      | Learned a level 3 spell: Regeneration
   138 | D:1      | Learned a level 3 spell: Spectral Weapon
   160 | D:2      | Reached skill level 1 in Invocations
   182 | D:2      | Reached skill level 1 in Short Blades
   182 | D:2      | Reached skill level 1 in Long Blades
   182 | D:2      | Reached skill level 1 in Maces & Flails
   182 | D:2      | Reached skill level 1 in Polearms
   182 | D:2      | Reached skill level 1 in Staves
   182 | D:2      | Reached skill level 1 in Slings
   182 | D:2      | Reached skill level 1 in Bows
   182 | D:2      | Reached skill level 1 in Crossbows
   182 | D:2      | Reached skill level 1 in Throwing
   182 | D:2      | Reached skill level 1 in Stealth
   182 | D:2      | Reached skill level 1 in Shields
   182 | D:2      | Reached skill level 1 in Unarmed Combat
   182 | D:2      | Reached skill level 1 in Evocations
   182 | D:2      | Reached XP level 4. HP: 30/38 MP: 2/11
   195 | D:2      | Found a sacrificial altar of Ru.
   346 | D:3      | Found a burning altar of Makhleb.
   352 | D:3      | Reached skill level 1 in Conjurations
   352 | D:3      | Reached skill level 1 in Hexes
   352 | D:3      | Reached skill level 1 in Summonings
   352 | D:3      | Reached skill level 1 in Necromancy
   352 | D:3      | Reached skill level 1 in Translocations
   352 | D:3      | Reached skill level 1 in Transmutations
   352 | D:3      | Reached skill level 1 in Fire Magic
   352 | D:3      | Reached skill level 1 in Ice Magic
   352 | D:3      | Reached skill level 1 in Air Magic
   352 | D:3      | Reached skill level 1 in Earth Magic
   352 | D:3      | Reached skill level 1 in Poison Magic
   375 | D:4      | Found a white marble altar of Elyvilon.
   407 | D:5      | Entered Level 5 of the Dungeon
   426 | D:5      | Reached XP level 5. HP: 37/43 MP: 9/12
   441 | D:5      | Slain by an orc wizard

Skill      XL: |  1  2  3  4 |
---------------+-------------+-----
Spellcasting   | 5 |  5.1
Invocations    | 1 |  1.5
Short Blades   | 1 |  1.3
Long Blades    | 1 |  1.3
Maces & Flails | 1 |  1.3
Polearms       | 1 |  1.3
Staves         | 1 |  1.3
Slings         | 1 |  1.3
Bows           | 1 |  1.3
Crossbows      | 1 |  1.3
Throwing       | 1 |  1.3
Stealth        | 1 |  1.3
Shields        | 1 |  1.3
Unarmed Combat | 1 |  1.3
Evocations     | 1 |  1.3
Conjurations   | 1 |  1.1
Hexes          | 1 |  1.1
Summonings     | 1 |  1.1
Necromancy     | 1 |  1.1
Translocations | 1 |  1.1
Transmutations | 1 |  1.1
Fire Magic     | 1 |  1.1
Ice Magic      | 1 |  1.1
Air Magic      | 1 |  1.1
Earth Magic    | 1 |  1.1
Poison Magic   | 1 |  1.1
Fighting       | |  4.7
Axes           | |  4.7
Armour         | |  2.9
Dodging        | |  4.7
Charms         | |  5.5

Action                   |  1- 3 |  4- 6 || total
-------------------------+-------+-------++-------
Melee: Hand axe          |    40 |    44 ||    84
       Bite              |     5 |     6 ||    11
 Cast: Infusion          |     3 |       ||     3
       Spectral Weapon   |     1 |     6 ||     7
       Song of Slaying   |     1 |     2 ||     3
  Use: Potion            |       |     4 ||     4
 Stab: Sleeping          |     1 |     1 ||     2
Armor: Leather armour    |     8 |    11 ||    19
Dodge: Dodged            |    31 |    69 ||   100

Table legend:
 A = Turns spent in this place as a percentage of turns spent in the entire game.
 B = Non-inter-level travel turns spent in this place as a percentage of non-inter-level travel turns spent in the entire game.
 C = Inter-level travel turns spent in this place as a percentage of turns spent in this place.
 D = Turns resting spent in this place as a percentage of non-inter-level travel turns spent in this place.
 E = Turns spent auto-exploring this place as a percentage of non-inter-level travel turns spent in this place.
 F = Non-inter-level travel turns spent in this place divided by the number of levels of this place that you've seen.
                   A       B       C       D       E      F
               +-------+-------+-------+-------+-------+----------------------
         Total | 100.0 | 100.0 |   0.0 |   0.0 |   0.0 |  88.2
       Dungeon | 100.0 | 100.0 |   0.0 |   0.0 |   0.0 |  88.2
               +-------+-------+-------+-------+-------+----------------------

Table legend:
 A = Kills in this place as a percentage of kills in entire the game.
 B = Kills by you in this place as a percentage of kills by you in the entire game.
 C = Kills by friends in this place as a percentage of kills by friends in the entire game.
 D = Other kills in this place as a percentage of other kills in the entire game.
 E = Experience gained in this place as a percentage of experience gained in the entire game.
 F = Experience gained in this place divided by the number of levels of this place that you have seen.
                   A       B       C       D       E      F
               +-------+-------+-------+-------+-------+----------------------
         Total | 100.0 | 100.0 |   N/A |   N/A | 100.0 |  38.0
       Dungeon | 100.0 | 100.0 |   N/A |   N/A | 100.0 |  38.0
               +-------+-------+-------+-------+-------+----------------------

Vault maps used:
D:1:      lemuel_arrival_rhombus, dk_noncrumbling_2
D:2:      nicolae_ru_awakened_eye, lemuel_doored_altar
D:3:      makhleb_blood_cavern_becter, nicolae_overflow_hidden_temple,
          lemuel_blue_sif_altar, marbit_many_paths, okawaru_ov_weapons_minmay,
          uniq_jessica
D:4:      overflow_temple_1_default, kennysheep_mini, lemuel_crystal_altar,
          first_ration, hangedman_decor_peaks_small
D:5:      grunt_decor_one_mirror, lexackson_kobold_supper
